Map: Ice and Chrome LE

Players

Reynor - Winner!

  • Race: Zerg Zerg
  • League: Master
  • Spawn Location: 7:00

LiquidClem (Clem)

  • Race: Terran Terran
  • League: Master
  • Spawn Location: 1:00

Event: DreamHack SC2 Masters 2020 Fall

VOD

Have the link to the VOD?

Description

Time

  • Played on: Sept. 13, 2020, 3:47 p.m.
  • Length: 14:41

All games in this series

Show
View Real Time Build Order
Export as new Build Order

Reynor Zerg - Winner!

Build Orders: Hatch First, Lurkers 

Get SALT Encoding   

  12  0:00  Drone  
  13  0:12  Overlord  
  13  0:17  Drone  
  14  0:30  Drone x2  
  16  0:48  Hatchery  
  15  0:50  Drone  
  15  0:55  Drone  
  17  0:59  Drone  
  18  1:10  Extractor  
  17  1:15  Spawning Pool  
  17  1:18  Drone  
  17  1:20  Drone  
  18  1:27  Drone  
  19  1:38  Drone  
  20  1:49  Drone  
  21  2:01  Zergling x4  
  21  2:02  Queen x2  
  27  2:15  Hatchery  
  26  2:20  Overlord  
  26  2:23  Drone  
  26  2:26  Drone  
  28  2:40  Drone x3  
  28  2:41  Metabolic Boost  
  30  2:47  Queen  
  32  2:53  Overlord  
  32  2:54  Drone  
  32  2:56  Drone  
  34  2:58  Drone  
  34  3:04  Zergling x2  
  36  3:11  Overlord  
  36  3:16  Zergling x2  
  36  3:19  Drone x3  
  41  3:20  Drone  
  41  3:22  Queen  
  41  3:25  Drone  
  41  3:26  Drone  
  45  3:31  Queen  
  47  3:35  Drone  
  47  3:38  Zergling x2  
  47  3:41  Zergling x4  
  50  3:42  Drone  
  50  3:43  Drone  
  50  3:47  Overlord  
  53  3:55  Zergling x4  
  54  3:56  Drone x2  
  54  3:57  Overlord  
  54  4:00  Drone x2  
  57  4:02  Drone  
  57  4:07  Drone  
  57  4:09  Drone  
  59  4:14  Drone x2  
  59  4:15  Drone  
  59  4:16  Drone  
  62  4:22  Drone  
  62  4:23  Drone  
  64  4:24  Spore Crawler  
  64  4:25  Spore Crawler, Queen  
  64  4:30  Zergling x2  
  66  4:31  Zergling x2  
  66  4:35  Zergling x2, Evolution Chamber  
  66  4:36  Evolution Chamber  
  66  4:37  Drone x2  
  67  4:42  Drone x2  
  67  4:45  Zergling x2  
  70  4:50  Overlord  
  70  4:53  Extractor  
  70  4:56  Zergling x4  
  70  4:57  Drone x3  
  70  4:59  Overlord  
  72  5:07  Zerg Ground Armor Level 1  
  72  5:08  Drone x2  
  72  5:10  Zergling x6  
  72  5:12  Overlord  
  77  5:18  Zerg Melee Weapons Level 1  
  77  5:19  Drone x2  
  77  5:20  Drone  
  80  5:27  Hatchery  
  79  5:29  Drone x2  
  79  5:30  Drone x3  
  79  5:31  Drone x3  
  79  5:32  Overlord  
  79  5:33  Extractor  
  86  5:36  Lair  
  86  5:40  Drone x3  
  89  5:44  Drone x2  
  89  5:45  Drone, Extractor  
  89  5:47  Extractor, Baneling Nest  
  89  5:48  Extractor  
  88  5:54  Drone x2  
  90  5:57  Zergling x2, Overlord  
  90  5:58  Zergling x4  
  90  6:02  Drone x2  
  95  6:05  Zergling x6, Spore Crawler  
  97  6:11  Drone  
  97  6:13  Zergling x6  
  97  6:16  Overlord, Pneumatized Carapace  
  97  6:18  Drone  
  102  6:20  Drone  
  102  6:25  Overlord  
  103  6:27  Zergling x4  
  103  6:28  Zergling x2  
  106  6:36  Overlord  
  106  6:38  Zergling x8  
  106  6:39  Drone  
  111  6:42  Centrifical Hooks, Drone x4  
  111  6:43  Drone  
  114  6:48  Overlord  
  114  6:49  Hatchery  
  114  6:51  Zergling x4  
  114  6:52  Drone  
  114  6:53  Drone x2  
  118  6:57  Hydralisk Den  
  119  7:01  Drone x4  
  119  7:03  Zerg Ground Armor Level 2  
  119  7:04  Baneling x6  
  119  7:07  Zergling x4, Overlord  
  119  7:08  Zergling x2  
  124  7:11  Zergling x2  
  124  7:14  Zergling x8  
  127  7:17  Zergling x2, Drone  
  127  7:18  Zerg Melee Weapons Level 2  
  127  7:19  Baneling x3  
  127  7:21  Baneling  
  127  7:22  Zergling x2  
  127  7:25  Zergling x4  
  127  7:29  Overlord, Muscular Augments  
  129  7:33  Zergling x10  
  129  7:36  Hydralisk x3  
  136  7:41  Hydralisk  
  140  7:51  Hydralisk x4  
  139  7:52  Infestation Pit  
  139  7:53  Drone x3  
  139  7:55  Extractor  
  149  7:58  Zergling x8  
  149  8:01  Zergling x6  
  149  8:05  Drone x2  
  157  8:07  Drone  
  157  8:09  Overlord x2  
  156  8:18  Drone x3  
  156  8:19  Overseer, Drone x3  
  156  8:21  Zergling x2  
  156  8:25  Overlord  
  156  8:26  Drone x2  
  156  8:27  Overseer, Drone  
  158  8:30  Hive, Hydralisk, Drone x2  
  158  8:31  Zergling x4  
  164  8:37  Hydralisk  
  164  8:38  Zergling x10  
  164  8:40  Zergling x4  
  164  8:41  Grooved Spines  
  170  8:43  Zergling x6  
  170  8:47  Zergling x2  
  173  8:53  Zergling x6  
  173  8:54  Drone  
  173  8:55  Drone  
  178  8:59  Zergling x6  
  178  9:02  Zergling x2  
  178  9:03  Zergling x2  
  178  9:04  Baneling x5  
  178  9:05  Baneling x3  
  178  9:07  Zergling x6  
  178  9:09  Overlord  
  182  9:10  Overlord  
  182  9:16  Overseer  
  180  9:18  Hatchery, Overlord  
  180  9:20  Zerg Missile Weapons Level 1, Lurker Den  
  180  9:23  Zergling x2  
  180  9:24  Zergling x10, Evolution Chamber, Extractor  
  181  9:27  Zergling x14  
  187  9:31  Baneling x5  
  187  9:34  Zergling x4  
  187  9:35  Zergling x8  
  193  9:45  Viper x3  
  188  9:47  Zergling x6  
  188  9:51  Drone x2  
  188  9:52  Queen, Drone  
  200  9:55  Zerg Ground Armor Level 3  
  200  9:56  Zergling x2, Zerg Melee Weapons Level 3  
  200  9:57  Zergling x2  
  200  9:58  Overlord  
  200  10:07  Baneling  
  200  10:08  Baneling x8  
  200  10:18  Seismic Spines  
  199  10:22  Hatchery  
  199  10:26  Hatchery  
  197  10:35  Extractor  
  197  10:36  Extractor  
  185  10:44  Zergling x32  
  185  10:46  Zergling x16  
  189  10:51  Baneling  
  189  10:52  Baneling x6  
  189  10:54  Lurker x8  
  189  10:55  Lurker  
  198  10:57  Zergling x4  
  198  11:03  Overseer x2  
  199  11:04  Overseer  
  199  11:10  Adrenal Glands  
  199  11:14  Overseer  
  199  11:17  Baneling x6  
  198  11:24  Zergling x16  
  198  11:25  Adaptive Talons  
  200  11:33  Baneling x6  
  196  11:40  Hydralisk x2  
  200  11:49  Zergling x14  
  200  11:53  Baneling x2  
  200  11:54  Baneling x5  
  192  12:02  Zergling x20  
  192  12:07  Zerg Missile Weapons Level 2  
  199  12:11  Zergling x2  
  198  12:19  Zergling x6  
  193  12:25  Zergling x28  
  193  12:28  Zergling x12  
  193  12:29  Hydralisk  
  192  12:30  Zergling x6  
  192  12:32  Hydralisk  
  173  12:37  Zergling x6  
  173  12:38  Queen, Hydralisk  
  173  12:39  Zergling x4, Hydralisk x2  
  180  12:44  Zergling x2  
  180  12:47  Hydralisk  
  180  12:48  Zergling x10  
  180  12:49  Zergling x2  
  180  12:50  Zergling x2  
  188  12:56  Zergling x2  
  184  12:59  Hydralisk x4  
  184  13:02  Queen  
  184  13:03  Drone x4  
  189  13:06  Zergling x6  
  189  13:07  Zergling x10  
  186  13:13  Hydralisk  
  186  13:14  Zergling x8  
  186  13:16  Baneling x6  
  186  13:17  Zergling x4, Baneling x4  
  186  13:18  Zergling x2  
  186  13:19  Zergling x4  
  193  13:22  Zergling x4, Hydralisk  
  193  13:23  Zergling x2  
  193  13:24  Queen  
  193  13:26  Drone  
  196  13:28  Hatchery  
  196  13:29  Drone  
  196  13:33  Zergling x2, Hydralisk  
  199  13:35  Zergling x2  
  199  13:36  Zergling x6  
  199  13:37  Baneling x16  
  200  13:51  Baneling x11  
  200  14:00  Zergling x22  
  193  14:04  Zergling x20  
  193  14:08  Zergling x14  
  196  14:15  Hydralisk  
  196  14:16  Zergling x24  
  196  14:21  Zergling x4  
  196  14:22  Zergling x2  
Show
View Real Time Build Order
Export as new Build Order

LiquidClem Terran 

Build Orders: Liberator Opening, Reaper Expand 

Get SALT Encoding   

  12  0:00  SCV  
  13  0:12  SCV  
  14  0:17  Supply Depot  
  14  0:24  SCV  
  15  0:38  SCV  
  15  0:40  Barracks  
  16  0:43  Refinery  
  16  0:50  SCV  
  17  1:02  SCV  
  18  1:15  SCV  
  19  1:27  Reaper, Orbital Command  
  20  1:39  Command Center  
  20  1:48  Supply Depot  
  20  1:53  SCV  
  21  1:59  Marine  
  22  2:05  SCV  
  23  2:11  Factory  
  23  2:13  Refinery  
  23  2:17  SCV  
  23  2:19  Barracks Reactor  
  24  2:29  SCV  
  25  2:41  SCV  
  26  2:54  SCV, Orbital Command  
  26  2:57  Starport  
  27  3:01  Hellion x2  
  27  3:05  Marine  
  32  3:06  SCV  
  33  3:16  Supply Depot  
  33  3:18  SCV  
  34  3:20  SCV  
  34  3:22  Hellion  
  34  3:23  Hellion  
  39  3:30  SCV  
  39  3:31  Barracks Tech Lab  
  39  3:33  SCV  
  41  3:34  Liberator  
  44  3:41  Supply Depot  
  44  3:42  SCV  
  44  3:45  SCV  
  46  3:49  Hellion x2  
  46  3:54  SCV  
  50  4:03  Stimpack  
  50  4:05  SCV  
  50  4:07  SCV, Supply Depot  
  48  4:10  Hellion x2  
  52  4:20  Command Center  
  52  4:21  Starport Reactor  
  52  4:23  SCV x2  
  54  4:31  Marine  
  54  4:35  SCV  
  54  4:36  Barracks  
  54  4:37  SCV  
  57  4:42  Barracks  
  57  4:44  Factory Tech Lab  
  57  4:49  SCV x2, Engineering Bay x2  
  57  4:50  Marine  
  60  4:56  Supply Depot  
  60  5:01  SCV x2  
  59  5:08  Starport Reactor, Marine  
  59  5:09  Refinery  
  59  5:11  Refinery  
  59  5:13  SCV  
  59  5:14  SCV, Supply Depot  
  62  5:15  Terran Infantry Weapons Level 1  
  62  5:16  Terran Infantry Armor Level 1  
  62  5:25  SCV  
  62  5:26  SCV  
  62  5:27  Siege Tank  
  67  5:31  Marine x2  
  67  5:32  Marine x3  
  67  5:35  Orbital Command  
  72  5:42  SCV x2, Combat Shield  
  74  5:44  Medivac  
  74  5:47  Medivac  
  74  5:49  Marine  
  79  5:51  Marine x2  
  79  5:52  Marine  
  79  5:54  SCV  
  79  5:55  Marine  
  85  5:57  SCV  
  85  5:59  Orbital Command  
  85  6:03  Barracks  
  85  6:04  Barracks  
  85  6:06  SCV  
  85  6:10  Marine x2  
  85  6:11  Marine  
  88  6:12  Supply Depot  
  88  6:13  Marine  
  88  6:14  Marine  
  88  6:16  SCV  
  93  6:18  SCV  
  93  6:26  SCV  
  93  6:29  SCV  
  93  6:30  SCV, Supply Depot x2  
  93  6:31  Armory  
  96  6:34  Marine x2  
  96  6:37  Marine x3  
  96  6:38  SCV  
  102  6:41  Siege Tank  
  102  6:42  SCV  
  102  6:44  SCV  
  107  6:50  SCV  
  107  6:51  Refinery  
  107  6:52  Marine x2  
  107  6:53  Supply Depot  
  110  6:55  SCV, Supply Depot  
  110  6:58  Barracks Reactor x2  
  110  6:59  Marine  
  110  7:00  Factory  
  112  7:02  Marine x2  
  112  7:03  SCV  
  112  7:04  SCV  
  112  7:08  Supply Depot  
  116  7:09  SCV, Marine  
  116  7:10  Marine  
  120  7:16  Medivac x2, Widow Mine  
  120  7:17  SCV, Marine  
  120  7:19  SCV  
  120  7:20  Marine x2  
  120  7:22  Terran Infantry Weapons Level 2  
  129  7:27  Supply Depot, Marine  
  129  7:28  Supply Depot  
  129  7:29  Terran Infantry Armor Level 2  
  130  7:32  SCV  
  130  7:35  Marine x2  
  133  7:37  Supply Depot  
  133  7:39  Widow Mine  
  133  7:40  Marine x2  
  137  7:46  Marine  
  137  7:49  Marine x2  
  137  7:50  Marine x2  
  140  7:53  Marine x2  
  140  7:55  Factory Reactor  
  140  7:56  Drilling Claws  
  140  7:57  Medivac, Marine  
  145  7:59  Marine  
  145  8:02  Widow Mine  
  145  8:04  Medivac, Marine  
  151  8:07  Marine  
  151  8:10  SCV  
  151  8:11  Command Center  
  153  8:12  Supply Depot  
  153  8:18  Marine x2  
  153  8:19  Marine x4  
  153  8:21  Marauder  
  153  8:23  Marine  
  153  8:26  Supply Depot  
  153  8:27  Medivac  
  156  8:28  Siege Tank  
  156  8:29  Factory Tech Lab  
  156  8:30  Terran Vehicle Weapons Level 1, Marine  
  162  8:35  Marine  
  162  8:37  Barracks x2  
  162  8:38  SCV x2, Barracks  
  162  8:39  SCV  
  166  8:43  Refinery, Marine  
  166  8:44  Marine  
  166  8:47  Marine  
  168  8:50  Medivac  
  168  8:52  Marine x4  
  168  8:54  Siege Tank  
  176  9:00  Supply Depot, Widow Mine  
  176  9:01  Marine  
  176  9:02  Marine  
  176  9:04  Marine x2  
  176  9:09  SCV  
  178  9:11  Sensor Tower  
  178  9:14  Medivac  
  180  9:18  Supply Depot  
  180  9:19  Marine x2  
  180  9:21  Siege Tank  
  184  9:27  Widow Mine  
  184  9:30  Barracks Tech Lab x2  
  186  9:31  Barracks Tech Lab, Sensor Tower  
  186  9:32  Marine x3  
  186  9:33  SCV x2, Marine  
  186  9:34  Marine  
  186  9:37  SCV  
  194  9:45  Marauder  
  185  9:46  Marine x3  
  185  9:48  Widow Mine  
  183  9:53  Planetary Fortress, Siege Tank  
  183  9:59  Terran Infantry Weapons Level 3  
  186  10:00  SCV  
  186  10:06  Marauder  
  189  10:07  Marine  
  189  10:08  Marine  
  189  10:09  Marine x2, Siege Tank  
  189  10:10  Marine  
  189  10:11  Marine x2  
  199  10:22  Refinery  
  199  10:23  Command Center  
  199  10:34  Terran Infantry Armor Level 3  
  199  10:35  Command Center  
  199  10:42  Widow Mine  
  193  10:44  Siege Tank  
  193  10:45  Marauder x2, Marine x2  
  193  10:47  Marauder  
  193  10:48  Marauder  
  187  10:50  Terran Vehicle Weapons Level 2  
  187  10:54  SCV, Ghost Academy  
  187  10:55  SCV  
  189  11:03  Widow Mine  
  191  11:06  Marauder x2  
  191  11:08  Marauder  
  191  11:10  Marauder  
  197  11:24  Siege Tank  
  197  11:28  Marauder  
  197  11:29  Refinery  
  197  11:30  Command Center  
  199  11:34  Ghost  
  200  11:49  Missile Turret x2  
  200  11:50  Command Center  
  200  11:51  Siege Tank  
  200  11:52  Ghost, Marauder  
  200  11:53  Marauder, Marine  
  200  11:54  Marine  
  193  11:56  Marine, Siege Tank  
  193  11:57  Marine  
  193  11:58  Marine x2  
  198  12:03  Ghost  
  200  12:11  Planetary Fortress  
  197  12:16  Ghost  
  197  12:22  Ghost  
  197  12:23  Ghost  
  197  12:24  Refinery  
  197  12:26  Missile Turret, Siege Tank  
  175  12:31  Ghost, Siege Tank  
  175  12:33  Medivac  
  175  12:34  Marine x3  
  175  12:35  Marine x4  
  175  12:36  Marine  
  151  12:39  SCV x2  
  151  12:40  Planetary Fortress  
  151  12:43  SCV  
  145  12:45  Marauder  
  145  12:48  Medivac  
  145  12:51  Marine  
  142  12:52  Marine x5  
  142  12:53  Marine x2  
  142  12:55  Marine  
  142  12:58  Marine  
  141  13:00  Ghost  
  141  13:01  SCV  
  141  13:03  Siege Tank  
  132  13:06  Ghost  
  132  13:07  Orbital Command  
  132  13:08  Marine  
  132  13:10  Marauder  
  127  13:23  SCV  
  127  13:24  SCV  
  127  13:25  Orbital Command  
  127  13:26  Ghost  
  132  13:28  SCV, Ghost  
  132  13:29  SCV x2  
  132  13:31  Ghost  
  132  13:33  SCV  
  138  13:35  Siege Tank  
  138  13:36  SCV  
  138  13:41  SCV  
  141  13:44  SCV x2  
  143  13:50  Marine x6  
  143  13:53  Marine x2  
  151  14:02  Marine x3  
  145  14:05  Marauder  
  145  14:08  Siege Tank  
  112  14:21  Marine x2  

Tags
 
Add a new tag
Caveats
  • Supply blocks, unpowered buildings, or Contaminate may cause inaccurate times.
  • Supply counts are checked every 10 seconds.